 Dungeon Crawl Stone Soup version 0.29.1 (webtiles) character file.

Game seed: 5823161194679507133

70 vvl the Stinger (level 4, -3/25 HPs)
             Began as a Tengu Venom Mage on Sept 14, 2022.
             Killed from afar by a white imp (13 damage)
             ... with a puff of frost
             ... on level 3 of the Dungeon.
             The game lasted 00:04:08 (2557 turns).

vvl the Stinger (Tengu Venom Mage)                  Turns: 2557, Time: 00:04:09

Health: -3/25      AC:  2    Str:  9    XL:     4   Next: 22%
Magic:  3/8        EV: 12    Int: 17    God:
Gold:   57         SH:  0    Dex: 14    Spells: 6/7 levels left

rFire   . . .      SeeInvis .   l - +0 short sword
rCold   . . .      Faith    .   (no shield)
rNeg    . . .      Spirit   .   a - +0 robe
rPois   .          Reflect  .   (helmet restricted)
rElec   .          Harm     .   (no cloak)
rCorr   .          Rampage  .   (no gloves)
Will    .....                   (boots unavailable)
Stlth   ++........              (no amulet)
HPRegen 0.08/turn               (no ring)
MPRegen 0.11/turn               (no ring)

@: very slightly contaminated
A: beak, talons 3
a: no special abilities


You were on level 3 of the Dungeon.
You visited 1 branch of the dungeon, and saw 3 of its levels.

You collected 57 gold pieces.

Inventory:

Hand Weapons
 l - a +0 short sword (weapon)
Armour
 a - a +0 robe (worn)
Scrolls
 c - 2 scrolls of immolation {unknown}
 e - a scroll of magic mapping {unknown}
 f - 3 scrolls of teleportation {unknown}
 g - a scroll of identify {unknown}
 h - a scroll of torment {unknown}
 j - a scroll of poison {unknown}
Potions
 b - a potion of magic
 d - a potion of ambrosia {unknown}
 i - 3 potions of lignification {unknown}
 k - a potion of resistance {unknown}
 m - 2 potions of mutation {unknown}
 n - a potion of haste {unknown}


   Skills:
 + Level 1.1 Fighting
 + Level 1.1 Armour
 + Level 2.6 Dodging
 - Level 2.0 Stealth
 + Level 2.3 Spellcasting
 + Level 1.4 Summonings
 + Level 1.1 Transmutations
 + Level 1.2 Air Magic
 + Level 3.2 Poison Magic


You had 6 spell levels left.
You knew the following spells:

 Your Spells              Type           Power      Damage    Failure   Level
a - Sting                 Tmut/Pois      36%        1d4       8%          1

Your spell library contained the following spells:

 Spells                   Type           Power      Damage    Failure   Level
 Poisonous Vapours        Pois/Air       18%        N/A       11%         2
 Spider Form              Tmut/Pois      9%         N/A       22%         3
 Ensorcelled Hibernation  Hex/Ice        4%         N/A       28%         2
 Mephitic Cloud           Conj/Pois/Air  7%         N/A       30%         3
 Olgreb's Toxic Radiance  Pois           13%        N/A       43%         4
 Gell's Gravitas          Tloc           2%         N/A       50%         3
 Lesser Beckoning         Tloc           2%         N/A       50%         3
 Teleport Other           Tloc           2%         N/A       50%         3
 Anguish                  Hex/Necr       1%         N/A       88%         4
 Iskenderun's Battlesphe  Conj           2%         2d6       99%         5
 Eringya's Noxious Bog    Tmut/Pois      4%         N/A       100%        6
 Spellforged Servitor     Conj/Summ      2%         N/A       100%        7


Dungeon Overview and Level Annotations

Branches:
Dungeon (3/15)

Altars:


Innate Abilities, Weirdness & Mutations

You have a beak for a mouth.
You have claws for feet.


Message History

The goblin hits you with a +0 club.
The sting hits the goblin.
The goblin looks even sicker.
You kill the goblin!
Your magical contamination has completely faded away.
Magic restored.
HP restored.
Found a spear.
m - 2 black potions (gained 1)
You see here a +0 spear.
Found a stone staircase leading down.
There is a stone staircase leading down here.
A white imp comes into view.
The white imp shouts!
A white imp is nearby!
The sting hits the white imp.
The white imp partially resists.
The white imp is lightly wounded.
The sting hits the white imp but does no damage.
The white imp is poisoned.
The white imp is lightly wounded.
The white imp gestures at you. The puff of frost misses you.
The sting hits the white imp but does no damage.
The white imp looks even sicker.
The white imp is lightly wounded.
The white imp gestures at you. The puff of frost hits you!
You miscast Sting.
You are very lightly contaminated with residual magic.
Nothing appears to happen.
The white imp barely misses you.
The sting hits the white imp but does no damage.
The white imp looks even sicker.
The white imp is heavily wounded.
The white imp hits you. The white imp freezes you.
You are too injured to fight recklessly!
You hit the white imp but do no damage. Your kick misses the white imp.
The white imp is heavily wounded.
The white imp gestures at you. The puff of frost hits you!
Ouch! That really hurt!
You die...

#># #.# #.# #.#
#.# #.# #.# #.#
#.# #.# #.#
##.##
#.#######...####
#..............#
#########...##@#
##.###5# #.# #.#
#.# #.# ... ...
... ... ######


You could see a white imp (very poisoned).

Vanquished Creatures
  2 adders (D:2)
  4 dart slugs
  2 endoplasms (D:1)
  6 goblins
  5 hobgoblins
  2 kobolds
  3 quokkas
  3 ball pythons
  5 bats
  5 frilled lizards (D:1)
  6 rats (D:1)
43 creatures vanquished.

Notes
Turn   | Place    | Note
-------+----------+-------------------------------------------
     0 | D:1      | vvl the Tengu Venom Mage began the quest for the Orb.
     0 | D:1      | Reached XP level 1. HP: 10/10 MP: 4/4
   282 | D:1      | Reached XP level 2. HP: 15/15 MP: 3/6
   520 | D:1      | Reached skill level 1 in Transmutations
   960 | D:1      | Found a faded altar of an unknown god.
  1029 | D:1      | Reached XP level 3. HP: 17/20 MP: 0/7
  1188 | D:1      | Reached skill level 1 in Summonings
  1849 | D:2      | Got the Dissertation on Tainted Striking
  2002 | D:2      | Reached skill level 1 in Fighting
  2011 | D:2      | Reached skill level 1 in Armour
  2011 | D:2      | Reached skill level 1 in Air Magic
  2084 | D:2      | Reached XP level 4. HP: 24/25 MP: 4/8
  2557 | D:3      | Killed from afar by a white imp

Illustrated notes

Levels and vault maps discovered:
D:1:      minmay_arrival_open_corners, layout_basic,
          shapermc_ecumenical_altar_ellora
D:2:      layout_rooms
D:3:      layout_loops_ring, lemuel_round_altar

Skill      XL: |  1  2  3 |
---------------+----------+-----
Transmutations | 1 |  1.1
Summonings     | 1 |  1.4
Fighting       | 1 |  1.1
Armour         | 1 |  1.1
Air Magic      | 1 |  1.2
Dodging        | |  2.6
Stealth        | |  2.0
Spellcasting   | |  2.3
Poison Magic   | |  3.2

Action                   |  1- 3 |  4- 6 || total
-------------------------+-------+-------++-------
Melee: Unarmed           |    23 |       ||    23
       Kick              |     5 |       ||     5
       Peck              |     6 |       ||     6
       Short sword       |       |     1 ||     1
 Cast: Sting             |    79 |    15 ||    94
Armor: Robe              |    10 |     2 ||    12
Dodge: Dodged            |    25 |     5 ||    30
